 Dungeon Crawl Stone Soup version 0.16.2-2-g470672f (webtiles) character file.

84 monobi the Poker (level 4, -2/33 HPs)
             Began as a Demonspawn Gladiator on Sept 3, 2015.
             Slain by a worker ant (6 damage)
             ... on level 3 of the Dungeon.
             The game lasted 00:04:55 (2269 turns).

monobi the Poker (Demonspawn Gladiator)             Turns: 2269, Time: 00:04:55

Health: -2/33      AC:  9    Str: 15 (16) XL:     4   Next: 24%
Magic:  4/4        EV:  8    Int: 10      God:
Gold:   82         SH: 13    Dex: 18      Spells: 0 memorised, 3 levels left

rFire  . . .     SeeInvis .     a - +0 trident
rCold  . . .     Clarity  .     z - +0 chain mail
rNeg   . . .     SustAb   .     e - +2 large shield
rPois  .         Gourm    .     y - +0 helmet
rElec  .         Spirit   .     (no cloak)
rCorr  .         Warding  .     (no gloves)
rMut   .         Stasis   .     (no boots)
MR     .....                    (no amulet)
Stlth  ..........               (no ring)
                                (no ring)

@: agile, lethally poisoned (-2 -> -13), not resistant to hostile enchantments,
extremely unstealthy
A: talons 1
a: no special abilities


You were on level 3 of the Dungeon.
You were hungry.

You visited 1 branch of the dungeon, and saw 3 of its levels.

You collected 82 gold pieces.

Inventory:

Hand weapons
 a - a +0 trident (weapon)
 u - a +1 dagger of flaming
Missiles
 d - 3 throwing nets (quivered)
Armour
 e - a +2 large shield (worn)
 y - a +0 helmet (worn)
 z - a +0 chain mail (worn)
Jewellery
 o - a +4 ring of dexterity {unknown}
Scrolls
 b - a scroll of enchant weapon {unknown}
 g - 3 scrolls of immolation {unknown}
 j - a scroll of enchant armour {unknown}
 l - a scroll of recharging {unknown}
 q - a scroll of fear {unknown}
 r - a scroll of fog {unknown}
 s - a scroll of teleportation {unknown}
 x - 2 scrolls of remove curse {unknown}
 A - 2 scrolls of blinking {unknown}
Potions
 k - a potion of agility
 n - a potion of heal wounds {unknown}
 p - a potion of curing {unknown}
 t - a potion of brilliance {unknown}
 v - a potion of mutation {unknown}
 w - 2 potions of restore abilities {unknown}
 C - a potion of haste {unknown}
Comestibles
 f - 4 bread rations
 h - 2 meat rations
 i - 3 beef jerkies


   Skills:
 + Level 2.2 Fighting
 + Level 3.4 Polearms
 + Level 1.9 Throwing
 + Level 1.1 Armour
 + Level 3.3 Dodging
 + Level 0.2 Stealth
 + Level 0.8 Shields


You had 3 spell levels left.
You didn't know any spells.

Dungeon Overview and Level Annotations

Branches:
Dungeon (3/15)

Altars:


Innate Abilities, Weirdness & Mutations

You have sharp toenails.


Message History

The worker ant bites you.
You are lethally poisoned!
The worker ant poisons you!
Drink which item? (? for menu, Esc to quit)
It was a potion of agility.
You feel agile all of a sudden.
* * * LOW HITPOINT WARNING * * *
You feel sick. You block the worker ant's attack.
Drink which item? (? for menu, Esc to quit)
It was a potion of cure mutation.
It has a very clean taste.
* * * LOW HITPOINT WARNING * * *
You feel sick. The worker ant bites you.
* * * LOW HITPOINT WARNING * * *
Drink which item? (? for menu, Esc to quit)
It was a potion of degeneration.
There was something very wrong with that liquid.
You feel weakened.
* * * LOW HITPOINT WARNING * * *
You feel sick. You block the worker ant's attack. The worker ant bites you.
You die...

........#.#.....#
#........#.#.#
#......#.#.#
..#.#......#.#.#####
.>..................#
#.#.#####....#.###.#
...#$))#........#.#
#.. #..s#..#######.# .
#.og#@.........#
#a##..#######
#...#.#...##
##...##r##..###
#.......#.#....#
##.......##.##..#
#...........#)#..#
#...........###..#
..........#......#####


You could see a worker ant.

Vanquished Creatures
  Jessica (D:2)
  An adder (D:2)
  2 worms (D:2)
  An ooze (D:1)
  A ball python (D:1)
  9 bats
  3 giant cockroaches
  7 hobgoblins
  2 giant geckos (D:2)
  2 giant newts
  4 goblins (D:2)
  4 kobolds
  10 rats
47 creatures vanquished.

Notes
Turn   | Place    | Note
--------------------------------------------------------------
     0 | D:1      | monobi, the Demonspawn Gladiator, began the quest for the Orb.
     0 | D:1      | Reached XP level 1. HP: 16/16 MP: 1/1
   176 | D:1      | Reached skill level 3 in Polearms
   185 | D:1      | Gained mutation: You have sharp toenails. [demonic ancestry]
   185 | D:1      | Reached XP level 2. HP: 12/22 MP: 2/2
   976 | D:2      | Reached XP level 3. HP: 8/27 MP: 3/3
  1232 | D:2      | Noticed Jessica
  1243 | D:2      | Killed Jessica
  1777 | D:2      | Reached XP level 4. HP: 29/33 MP: 4/4
  1961 | D:2      | Reached skill level 1 in Armour
  2269 | D:3      | Slain by a worker ant

Action                   |  1- 3 |  4- 6 || total
-------------------------+-------+-------++-------
Melee: Trident           |   135 |    69 ||   204
  Use: Potion            |       |     3 ||     3
  Eat: Chunk             |     2 |     2 ||     4
